[Event "Titled Tuesday Blitz July 25 Early 2023"]
[White "ZugZwang1201"]
[Black "Dehtiarov, Roman"]
[BlackFideId "14186640"]
[WhiteElo "2419"]
[BlackElo "2739"]
[Result "1/2-1/2"]
[Round "2"]
[TimeControl "180+2"]
[Date "2023.07.25"]
[WhiteClock "0:00:11"]
[BlackClock "0:00:04"]
[Board "85"]

1. e4 e5 2. Nf3 Nc6 3. Bb5 a6 4. Ba4 Nf6 5. Qe2 b5 6. Bb3 Bc5 7. c3 d6 8. O-O O-O 9. Rd1 Re8 10. d3 Bb6 11. h3 h6 12. Nbd2 Na5 13. Bc2 Nh5 14. Nf1 Qf6 15. a4 Bd7 16. b4 Nc6 17. axb5 axb5 18. Be3 Nf4 19. Bxf4 Qxf4 20. Bb3 Be6 21. Bd5 Bxd5 22. exd5 Ne7 23. Qe4 Rxa1 24. Rxa1 Qxe4 25. dxe4 f5 26. exf5 Nxd5 27. Rc1 Ra8 28. c4 Nf4 29. Rc2 bxc4 30. Rxc4 Ra2 31. Ne3 Nd3 32. Nd5 Bxf2+ 33. Kh2 Nf4 34. Nxf4 exf4 35. Rxf4 Bb6 36. Rc4 Rb2 37. Nd4 Kf7 38. Ne6 Kf6 39. Nxc7 Bxc7 40. Rxc7 Rxb4 41. g4 h5 42. Kg3 hxg4 43. hxg4 Rb3+ 44. Kh4 g5+ 45. fxg6 Kxg6 46. Rd7 Rd3 47. Rd8 d5 48. Rd6+ Kg7 49. Kg5 Rd1 50. Rd7+ Kf8 51. Kg6 d4 52. g5 d3 53. Kf6 Ke8 54. Rd4 d2 55. Kg7 Ke7 56. g6 Ke8 57. Kg8 Ke7 58. g7 Ke8 59. Re4+ Kd8 60. Rd4+ Ke8 61. Re4+ Kd8 62. Rd4+ Ke8 1/2-1/2


[Site "https://www.chess.com"]

[Event "Titled Tuesday Blitz July 25 Early 2023"]
[White "Xu, Yi"]
[Black "Hoffmann, Asa"]
[WhiteFideId "8605564"]
[BlackFideId "2001470"]
[WhiteElo "2737"]
[BlackElo "2417"]
[Result "1-0"]
[Round "2"]
[TimeControl "180+2"]
[Date "2023.07.25"]
[WhiteClock "0:00:32"]
[BlackClock "0:00:15"]
[Board "86"]

1. e4 d6 2. d4 Nf6 3. Nc3 c6 4. f4 Qa5 5. Bd3 e5 6. Nf3 exd4 7. Nxd4 Qb6 8. Be2 Be7 9. O-O O-O 10. Kh1 Re8 11. Bf3 Bf8 12. a4 a5 13. b3 Na6 14. Bb2 Nc5 15. Re1 Bd7 16. e5 dxe5 17. fxe5 Nd5 18. Bxd5 cxd5 19. Nxd5 Qd8 20. c4 Bc6 21. Qf3 Qg5 22. Nxc6 bxc6 23. Nc7 Rac8 24. Nxe8 Rxe8 25. Qxc6 Rb8 26. Ba3 Nd3 27. Bxf8 Nxe1 28. Rxe1 Qd2 29. Qe4 Rxf8 30. e6 fxe6 31. Qxe6+ Kh8 32. Qe8 Qf4 33. h3 h6 34. Qe5 Qd2 35. Kh2 Rf2 36. Qe8+ Kh7 37. Qe4+ Kh8 38. Rg1 Re2 39. Qg6 Qf4+ 40. Qg3 Qxg3+ 41. Kxg3 Re3+ 42. Kf4 Rxb3 43. Rc1 Rb4 44. Ke5 Rxa4 45. c5 Ra2 46. c6 Re2+ 47. Kd6 Re8 48. c7 1-0


[Site "https://www.chess.com"]

[Event "Titled Tuesday Blitz July 25 Early 2023"]
[White "Tobak, Mikhail"]
[Black "Bryakin, Mikhail"]
[WhiteFideId "14165570"]
[BlackFideId "4165314"]
[WhiteElo "2402"]
[BlackElo "2737"]
[Result "0-1"]
[Round "2"]
[TimeControl "180+2"]
[Date "2023.07.25"]
[WhiteClock "0:00:14"]
[BlackClock "0:01:12"]
[Board "87"]

1. e4 Nc6 2. Nf3 d6 3. d4 e5 4. Bb5 exd4 5. Nxd4 Bd7 6. Nc3 Nf6 7. O-O Be7 8. Nf5 Bxf5 9. exf5 O-O 10. Bxc6 bxc6 11. Qf3 Qd7 12. Bg5 h6 13. Bh4 Rfe8 14. Rad1 Nh7 15. Bxe7 Rxe7 16. Ne4 Rae8 17. Nc5 Qc8 18. Nb3 c5 19. Na5 Re4 20. h3 Ng5 21. Qd3 Qxf5 22. Rde1 Nxh3+ 23. Qxh3 Qxh3 24. Rxe4 Qd7 25. Rxe8+ Qxe8 26. Nc4 Qe2 27. Ne3 Qa6 28. a3 Qb5 29. b3 c6 30. a4 Qe2 31. c4 Qb2 32. Rd1 Qxb3 33. Rxd6 Qxa4 34. Rd7 Qa1+ 35. Kh2 Qe5+ 36. g3 a5 37. Ra7 Qb2 38. Kg2 Qb4 39. Ra8+ Kh7 40. Ra7 Kg6 41. Rc7 Qb6 42. Rd7 a4 43. Rd6+ f6 44. Nd5 Qb7 45. Nf4+ Kf7 46. Ne6 Qe7 47. Nd8+ Kg6 48. Rd2 a3 49. f3 a2 50. Nxc6 Qc7 51. Rxa2 Qxc6 52. Ra5 Qd6 53. Rb5 Qd4 54. Kh3 Qxc4 0-1


[Site "https://www.chess.com"]

[Event "Titled Tuesday Blitz July 25 Early 2023"]
[White "Morefield, Jason"]
[Black "Haraguchi, Diego Sashaki"]
[WhiteFideId "30920825"]
[BlackFideId "22729925"]
[WhiteElo "2736"]
[BlackElo "2400"]
[Result "1-0"]
[Round "2"]
[TimeControl "180+2"]
[Date "2023.07.25"]
[WhiteClock "0:00:37"]
[BlackClock "0:00:06"]
[Board "88"]

1. e4 e5 2. Nf3 Nc6 3. Bb5 Nge7 4. O-O g6 5. c3 Bg7 6. d4 exd4 7. cxd4 d5 8. exd5 Qxd5 9. Nc3 Qh5 10. d5 a6 11. Ba4 b5 12. Nxb5 axb5 13. Bxb5 O-O 14. Bxc6 Nxc6 15. dxc6 Be6 16. Ng5 Bg4 17. f3 Bc8 18. g4 Qh4 19. Qe1 Qxe1 20. Rxe1 Ra6 21. a4 Rxc6 22. Ra3 Bd4+ 23. Kg2 Rc2+ 24. Kg3 Bf2+ 25. Kf4 Bxe1 26. Be3 Bd2 27. Bxd2 Rxd2 28. b4 Rd4+ 29. Ke3 Rxb4 30. a5 Ba6 31. Kf2 Rd8 32. h4 Rb2+ 33. Kg3 h6 34. Ne4 Kg7 35. Nc5 Bb5 36. a6 Rdd2 37. g5 hxg5 38. hxg5 Bc6 39. a7 Ra2 40. Rb3 Rxa7 41. Rb8 Bd5 42. Nd7 Be6 43. Nf6 1-0


[Site "https://www.chess.com"]

[Event "Titled Tuesday Blitz July 25 Early 2023"]
[White "Tarasova, Viktoriya"]
[Black "Fantastic_Power"]
[WhiteFideId "4175840"]
[WhiteElo "2394"]
[BlackElo "2735"]
[Result "0-1"]
[Round "2"]
[TimeControl "180+2"]
[Date "2023.07.25"]
[WhiteClock "0:00:02"]
[BlackClock "0:00:07"]
[Board "89"]

1. d4 Nf6 2. c4 c6 3. Nf3 d5 4. Nc3 dxc4 5. a4 Bf5 6. Ne5 Nbd7 7. Nxc4 Qc7 8. g3 e5 9. dxe5 Nxe5 10. Bf4 Nfd7 11. Bg2 g5 12. Ne3 gxf4 13. Nxf5 fxg3 14. hxg3 O-O-O 15. Qc2 a5 16. O-O-O Bb4 17. Ne4 Nb6 18. e3 Kb8 19. f4 Nec4 20. Rxd8+ Rxd8 21. Rd1 Rxd1+ 22. Qxd1 Nd5 23. Qd4 Ncb6 24. b3 Ka7 25. Nc5 Qc8 26. e4 Nc3 27. Bf3 Kb8 28. Nd6 Qh3 29. Kc2 Qxg3 30. Na6+ Ka8 31. Qxb6 Qh2+ 32. Kd3 Bxd6 33. Nc7+ Bxc7 34. Qxc7 Nb1 35. Qxa5+ Kb8 36. Qd8+ Ka7 37. Qa5+ Kb8 38. Qd8+ Ka7 39. Qd4+ b6 40. Qd7+ Ka6 41. Qc8+ Ka5 42. Qa8+ Kb4 43. Qf8+ c5 44. Ke3 Qd2# 0-1


[Site "https://www.chess.com"]

[Event "Titled Tuesday Blitz July 25 Early 2023"]
[White "Skvortsov, Andrei"]
[Black "Pershina, Elena"]
[WhiteFideId "24108600"]
[BlackFideId "24147516"]
[WhiteElo "2734"]
[BlackElo "2391"]
[Result "1-0"]
[Round "2"]
[TimeControl "180+2"]
[Date "2023.07.25"]
[WhiteClock "0:01:41"]
[BlackClock "0:01:17"]
[Board "90"]

1. e4 c5 2. d4 cxd4 3. Qxd4 Nc6 4. Qd3 Nf6 5. Nc3 d6 6. Nf3 g6 7. Be2 Bg7 8. O-O O-O 9. Nd5 Bg4 10. c3 Bxf3 11. Qxf3 Rc8 12. Bg5 Nxd5 13. exd5 Ne5 14. Qe3 Re8 15. Qxa7 Qc7 16. Bb5 Ra8 17. Qe3 Rec8 18. a4 f6 19. Bh4 Kf8 20. Qe2 Qc5 21. Rfd1 Nc4 22. Re1 Rc7 23. Rad1 Bh6 24. b4 Qb6 25. Bxc4 Rxa4 26. Bxf6 exf6 27. Qe8+ Kg7 28. Qxa4 1-0


[Site "https://www.chess.com"]

[Event "Titled Tuesday Blitz July 25 Early 2023"]
[White "Timmermans, Mark"]
[Black "Qiao, Cindy"]
[WhiteFideId "1026399"]
[BlackFideId "2620243"]
[WhiteElo "2733"]
[BlackElo "2390"]
[Result "1-0"]
[Round "2"]
[TimeControl "180+2"]
[Date "2023.07.25"]
[WhiteClock "0:02:02"]
[BlackClock "0:01:28"]
[Board "91"]

1. b4 d5 2. Bb2 Nf6 3. e3 Bf5 4. c4 e6 5. b5 Be7 6. Nf3 Nbd7 7. Be2 O-O 8. O-O c6 9. Nd4 c5 10. Nxf5 exf5 11. a4 dxc4 12. Bxc4 Nb6 13. Be2 Nbd5 14. d4 cxd4 15. Qxd4 Re8 16. Rd1 Qc7 17. Nc3 Bc5 18. Nxd5 1-0


[Site "https://www.chess.com"]

[Event "Titled Tuesday Blitz July 25 Early 2023"]
[White "Melikhov, Evgeny V."]
[Black "Csonka, Balazs"]
[WhiteFideId "4122046"]
[BlackFideId "742910"]
[WhiteElo "2388"]
[BlackElo "2731"]
[Result "0-1"]
[Round "2"]
[TimeControl "180+2"]
[Date "2023.07.25"]
[WhiteClock "0:00:21"]
[BlackClock "0:00:13"]
[Board "92"]

1. d4 Nf6 2. c4 a6 3. Nc3 b5 4. cxb5 axb5 5. Nxb5 e5 6. dxe5 Ne4 7. Nc3 Bb4 8. Bd2 Nxd2 9. Qxd2 O-O 10. Nf3 Nc6 11. a3 Re8 12. Rc1 Bf8 13. e3 Nxe5 14. Nxe5 Rxe5 15. Be2 Bb7 16. O-O Qh4 17. Qd4 Rg5 18. g3 Qh3 19. e4 Bc5 20. Qd2 Rxg3+ 21. hxg3 Qxg3+ 22. Kh1 Qh3+ 23. Kg1 Bd6 24. f4 Bc5+ 25. Rf2 Qg3+ 26. Kh1 Bxf2 27. Qd3 Qxf4 28. Rf1 Ra6 29. Qxa6 Qh4+ 30. Kg2 Qg3+ 31. Kh1 Bxe4+ 0-1


[Site "https://www.chess.com"]

[Event "Titled Tuesday Blitz July 25 Early 2023"]
[White "Amilal Munkhdalai"]
[Black "Sahil, Tickoo"]
[WhiteFideId "4903250"]
[BlackFideId "5019710"]
[WhiteElo "2730"]
[BlackElo "2371"]
[Result "1-0"]
[Round "2"]
[TimeControl "180+2"]
[Date "2023.07.25"]
[WhiteClock "0:00:17"]
[BlackClock "0:00:08"]
[Board "93"]

1. e4 c5 2. Nf3 d5 3. exd5 Nf6 4. c4 e6 5. dxe6 Bxe6 6. d4 cxd4 7. Nxd4 Bb4+ 8. Nc3 Bxc3+ 9. bxc3 Qe7 10. Nxe6 Qxe6+ 11. Be2 O-O 12. Be3 Nbd7 13. O-O b6 14. Bd4 Rac8 15. Re1 Rfe8 16. Qd2 Ne4 17. Qf4 Nec5 18. Kf1 Qe4 19. Qxe4 Rxe4 20. Bf3 Rxe1+ 21. Rxe1 Kf8 22. Bg4 Rd8 23. g3 f6 24. h4 Re8 25. Rd1 Kf7 26. h5 Re7 27. Bf3 g6 28. h6 g5 29. Bh5+ Kf8 30. Bg4 Kg8 31. Bf5 Kf8 32. Kg2 Ne6 33. Be3 Ndc5 34. Bxc5 bxc5 35. Rd6 Kf7 36. Rc6 Nf8 37. Rxc5 Re5 38. Rxe5 fxe5 39. Kf3 Kf6 40. Ke4 a5 41. c5 Ne6 42. Bxe6 Kxe6 43. a4 Kf6 44. Kd5 Kf5 45. c6 Kg4 46. c7 Kf3 47. c8=Q Kxf2 48. Qf5+ Kxg3 49. Qxg5+ Kh3 50. Ke4 Kh2 51. Kxe5 Kh3 52. Kf4 Kh2 53. Kf3 Kh3 54. Qh5# 1-0


[Site "https://www.chess.com"]

[Event "Titled Tuesday Blitz July 25 Early 2023"]
[White "TomLiu777"]
[Black "De Silva, L M S T"]
[BlackFideId "9953698"]
[WhiteElo "2362"]
[BlackElo "2723"]
[Result "0-1"]
[Round "2"]
[TimeControl "180+2"]
[Date "2023.07.25"]
[WhiteClock "0:00:01"]
[BlackClock "0:00:05"]
[Board "94"]

1. c4 e5 2. Nc3 Nf6 3. Nf3 Nc6 4. e4 Bc5 5. Nxe5 Nxe5 6. d4 Bb4 7. dxe5 Nxe4 8. Qf3 Nxc3 9. bxc3 Ba5 10. Bf4 O-O 11. Rd1 Qe7 12. Be2 Qa3 13. O-O Qxc3 14. Bd3 d6 15. exd6 Be6 16. Bd2 Qe5 17. Rfe1 Qc5 18. Be3 Qc6 19. Qh5 f5 20. Rf1 cxd6 21. Bd4 Bb6 22. Ba1 Qe8 23. Qf3 Qf7 24. Rfe1 Rae8 25. Qf4 Bc7 26. Qf3 Ba5 27. Re2 Bxc4 28. Rxe8 Rxe8 29. Bxf5 g6 30. Be4 Qxf3 31. gxf3 Bc7 32. Bxb7 Bxa2 33. Rc1 Bb6 34. Kg2 Re2 35. Rf1 Bc4 36. Kg3 Ra2 37. Rd1 Bxf2+ 38. Kg4 Bc5 39. Kg5 Kf7 40. Bd5+ Bxd5 41. Rxd5 Rxa1 42. Rd3 Rh1 43. h4 Rg1+ 0-1


[Site "https://www.chess.com"]

[Event "Titled Tuesday Blitz July 25 Early 2023"]
[White "Suyarov, Mukhammadzokhid"]
[Black "Dwilewicz, Katarzyna"]
[WhiteFideId "14210495"]
[BlackFideId "1148486"]
[WhiteElo "2720"]
[BlackElo "2346"]
[Result "1-0"]
[Round "2"]
[TimeControl "180+2"]
[Date "2023.07.25"]
[WhiteClock "0:02:16"]
[BlackClock "0:00:32"]
[Board "95"]

1. d4 d5 2. Nc3 g6 3. e4 dxe4 4. Nxe4 Bg7 5. Nf3 Nc6 6. Bc4 Nxd4 7. O-O Nxf3+ 8. Qxf3 Nf6 9. Nxf6+ Bxf6 10. Bh6 Be6 11. Qxb7 Bd7 12. Rad1 Qc8 13. Qf3 Rg8 14. Rfe1 Rb8 15. Qxf6 Be6 16. Bxe6 exf6 1-0


[Site "https://www.chess.com"]

[Event "Titled Tuesday Blitz July 25 Early 2023"]
[White "chessmateto"]
[Black "realmadridfc123"]
[WhiteElo "2345"]
[BlackElo "2718"]
[Result "0-1"]
[Round "2"]
[TimeControl "180+2"]
[Date "2023.07.25"]
[WhiteClock "0:01:25"]
[BlackClock "0:01:38"]
[Board "96"]

1. c4 e5 2. Nc3 Nc6 3. g3 f5 4. Bg2 Nf6 5. e3 Bb4 6. Nge2 O-O 7. O-O d6 8. a3 Bxc3 9. Nxc3 Be6 10. b3 d5 11. cxd5 Nxd5 12. Bb2 Qd7 13. Rc1 Rad8 14. Na4 b6 15. e4 fxe4 16. Bxe4 Nd4 17. Qh5 Nf6 18. Qd1 Bxb3 0-1


[Site "https://www.chess.com"]

[Event "Titled Tuesday Blitz July 25 Early 2023"]
[White "K2JW"]
[Black "Darini, Pouria"]
[BlackFideId "12502200"]
[WhiteElo "2343"]
[BlackElo "2716"]
[Result "0-1"]
[Round "2"]
[TimeControl "180+2"]
[Date "2023.07.25"]
[WhiteClock "0:00:07"]
[BlackClock "0:00:11"]
[Board "97"]

1. e4 c5 2. Nf3 Nc6 3. Bb5 e6 4. O-O Nge7 5. Re1 b6 6. c3 a6 7. Bf1 d5 8. exd5 Nxd5 9. d4 cxd4 10. Nxd4 Bb7 11. Nxc6 Bxc6 12. Qg4 h5 13. Qg3 Qd6 14. Qxd6 Bxd6 15. Nd2 Bc7 16. g3 h4 17. Bg2 hxg3 18. hxg3 O-O-O 19. Nc4 b5 20. Ne3 Kb7 21. Nxd5 Bxd5 22. Be3 Kc6 23. Bd4 Rh7 24. a4 b4 25. Rac1 Kb7 26. Bxd5+ Rxd5 27. Be3 Ba5 28. c4 Rd8 29. Red1 Rhh8 30. b3 Kc6 31. Kf1 Bc7 32. Ke2 Rxd1 33. Rxd1 a5 34. Kf3 Rh5 35. Bd4 g6 36. Be3 g5 37. g4 Rh3+ 38. Kg2 Rh2+ 39. Kf3 f6 40. Bd4 Rh3+ 41. Kg2 Rxb3 42. Bxf6 Ra3 43. Bxg5 Be5 44. f4 Bc3 45. f5 exf5 46. gxf5 Rxa4 47. f6 Ra2+ 48. Kf3 Rh2 49. f7 Rh8 50. Be7 Bg7 51. Rg1 Bf8 52. Bf6 Rh7 53. Ke4 Rxf7 54. Bb2 Rf2 55. Bd4 Rd2 56. Rg6+ Kb7 57. Be3 Rd6 58. Rxd6 Bxd6 59. Kd3 Kc6 60. Kc2 a4 61. Kb2 Bc5 62. Bd2 Kd6 63. Kc2 Ke5 64. Kd3 Kf5 65. Be1 Kf4 66. Bd2+ Kf3 67. Be1 Kg2 68. Bd2 Kf2 69. Bf4 Ke1 70. Kc2 Ke2 71. Bd2 Bd6 72. Bc1 Be5 73. c5 b3+ 74. Kb1 Kd3 75. c6 Kc4 76. Bb2 Bd6 77. Ba3 Be5 78. Bb2 Bc7 79. Ba3 Kb5 80. Kb2 Be5+ 81. Kb1 Kxc6 82. Bb2 Bxb2 83. Kxb2 Kb5 84. Ka3 Kc4 85. Kb2 Kb4 86. Ka1 Kc3 87. Kb1 b2 88. Ka2 Kc2 89. Ka3 b1=Q 0-1


[Site "https://www.chess.com"]

[Event "Titled Tuesday Blitz July 25 Early 2023"]
[White "NikaVolkov"]
[Black "Attacker_2006"]
[WhiteElo "2716"]
[BlackElo "2336"]
[Result "1/2-1/2"]
[Round "2"]
[TimeControl "180+2"]
[Date "2023.07.25"]
[WhiteClock "0:00:14"]
[BlackClock "0:00:01"]
[Board "98"]

1. d4 Nf6 2. Nf3 d5 3. c4 e6 4. Nc3 Bb4 5. e3 O-O 6. Bd3 dxc4 7. Bxc4 a6 8. O-O b5 9. Bd3 Bb7 10. Qe2 c5 11. Rd1 cxd4 12. Nxd4 Nbd7 13. a3 Be7 14. b3 Rc8 15. Bb2 Rc7 16. Rac1 Qa8 17. f3 Rfc8 18. a4 b4 19. Nb1 Nc5 20. Bc4 Bd5 21. Nd2 h6 22. Bxd5 Qxd5 23. Nc4 Qb7 24. h3 Nd5 25. e4 Nc3 26. Bxc3 bxc3 27. Rxc3 Qb4 28. Rdc1 e5 29. Nf5 Bg5 30. R1c2 Nxb3 31. h4 Nd4 32. Nxd4 exd4 33. Rd3 Bxh4 34. Rxd4 Be7 35. Kh1 Rc5 36. g4 Bf6 37. e5 Bxe5 38. Re4 Bf6 39. Kg2 Qb8 40. Ne3 Rxc2 41. Nxc2 h5 42. gxh5 Rf8 43. Ne3 Bg5 44. Nf5 Qb3 45. Rg4 Bf6 46. Kh3 Qe6 47. Qxe6 fxe6 48. Nd6 Be5 49. Ne4 Rxf3+ 50. Kg2 Rf5 51. h6 Kh7 52. hxg7 Bxg7 53. Ng3 Rf6 54. Re4 Rg6 55. Kf3 Bh6 56. Rc4 Rf6+ 57. Ke2 Rf4 58. Ne4 Kg6 59. Kd3 Rf3+ 60. Kd4 Bg7+ 61. Kc5 Rf5+ 62. Kd6 e5 63. Ke6 Rf4 64. Kd5 Kf5 65. Nd6+ Kg4 66. Rc7 Bh6 67. Ne4 Kf3 68. Rc3+ Kg4 69. Rc6 Kf3 70. Rc3+ Kg4 71. Rg3+ Kh4 72. Rg6 Kh5 73. Rg1 Rf8 74. Kxe5 Re8+ 75. Kf5 Rf8+ 76. Nf6+ Kh4 77. Rh1+ Kg3 78. Rxh6 a5 79. Ke5 Kf3 80. Rh3+ Ke2 81. Rb3 Kd2 82. Rb5 Rg8 83. Rxa5 Rg5+ 84. Kd4 Rxa5 85. Nd5 Rxa4+ 86. Kc5 Kd3 87. Nb4+ Kc3 88. Nd5+ Kb3 89. Nb6 Ra5+ 90. Kc6 Kb4 91. Nd5+ Kc4 92. Nb6+ Kd4 93. Kd6 Rc5 94. Nd7 Rh5 95. Ke6 Rh6+ 96. Nf6 Kc5 97. Kf5 Kd6 98. Kg5 Rh8 99. Kf5 Ke7 100. Nd5+ Kf7 101. Nf4 Ra8 102. Ke5 Ra5+ 103. Nd5 Ke8 104. Kd6 Ra6+ 105. Kc5 Kd7 106. Nb6+ Kc7 107. Nd5+ Kd7 108. Kb5 Rd6 109. Nb6+ Kc7 110. Nc4 Rd5+ 111. Kb4 Kc6 112. Na5+ Kb6 113. Nc4+ Kc6 114. Na5+ Kd6 115. Nc4+ Kc7 116. Ne3 Rh5 117. Kc4 Kd6 118. Kd4 Rh4+ 119. Kd3 Ke5 120. Nc4+ Kd5 121. Ne3+ Kc5 122. Ng2 Rg4 123. Ne3 Rd4+ 124. Kc3 1/2-1/2


[Site "https://www.chess.com"]

[Event "Titled Tuesday Blitz July 25 Early 2023"]
[White "Matko, Ognjen"]
[Black "Liyanage, Ranindu Dilshan"]
[WhiteFideId "14509717"]
[BlackFideId "9915834"]
[WhiteElo "2331"]
[BlackElo "2716"]
[Result "0-1"]
[Round "2"]
[TimeControl "180+2"]
[Date "2023.07.25"]
[WhiteClock "0:00:20"]
[BlackClock "0:00:59"]
[Board "99"]

1. e4 c5 2. Nf3 Nc6 3. d4 cxd4 4. Nxd4 Nf6 5. Nc3 e5 6. Ndb5 d6 7. Bg5 a6 8. Na3 b5 9. Nd5 Be7 10. Bxf6 Bxf6 11. c3 Ne7 12. Nc2 Nxd5 13. Qxd5 Be6 14. Qd2 O-O 15. Ne3 Bg5 16. Bd3 Qb6 17. O-O Rad8 18. Qe2 Bxe3 19. fxe3 d5 20. exd5 Bxd5 21. b3 e4 22. Bb1 Qc5 23. Rc1 f5 24. Kh1 f4 25. exf4 Rxf4 26. a4 Rf2 27. Qh5 Qe3 28. Bc2 g6 29. Qh4 Rdf8 30. axb5 Qxc1+ 0-1


[Site "https://www.chess.com"]

[Event "Titled Tuesday Blitz July 25 Early 2023"]
[White "Harris, Ian"]
[Black "Williams, Simon K"]
[WhiteFideId "2020092"]
[BlackFideId "404454"]
[WhiteElo "2321"]
[BlackElo "2715"]
[Result "0-1"]
[Round "2"]
[TimeControl "180+2"]
[Date "2023.07.25"]
[WhiteClock "0:00:20"]
[BlackClock "0:00:36"]
[Board "100"]

1. d4 e6 2. Bf4 b6 3. e3 Bb7 4. Nf3 d6 5. Be2 Nd7 6. O-O g6 7. h3 Bg7 8. c4 Ne7 9. Nc3 O-O 10. Re1 h6 11. Qd2 f5 12. Rac1 g5 13. Bh2 Ng6 14. Qc2 h5 15. e4 g4 16. hxg4 hxg4 17. Nd2 Qg5 18. exf5 exf5 19. d5 Nde5 20. Nb5 Rf7 21. Nd4 f4 22. Ne6 Qh6 23. Ne4 f3 24. Bf1 Re8 25. N4g5 Rf6 26. Bg3 Bc8 27. Re4 Bxe6 28. Nxe6 Kf7 29. Rce1 Rh8 30. Ng5+ Qxg5 31. Bxe5 Nxe5 0-1


[Site "https://www.chess.com"]

[Event "Titled Tuesday Blitz July 25 Early 2023"]
[White "Huynh, Lam Binh Nguyen"]
[Black "Klekowski, Maciej"]
[WhiteFideId "12401633"]
[BlackFideId "1132717"]
[WhiteElo "2301"]
[BlackElo "2713"]
[Result "0-1"]
[Round "2"]
[TimeControl "180+2"]
[Date "2023.07.25"]
[WhiteClock "0:00:16"]
[BlackClock "0:00:05"]
[Board "101"]

1. d4 Nf6 2. Bf4 d5 3. e3 c5 4. c3 Nc6 5. Nd2 Bf5 6. h3 e6 7. Ngf3 Qb6 8. Qb3 c4 9. Qxb6 axb6 10. a3 b5 11. Rc1 h6 12. Ne5 Nxe5 13. Bxe5 Nd7 14. Bc7 Be7 15. g3 O-O 16. f3 Rfc8 17. e4 Rxc7 18. exf5 e5 19. dxe5 Nxe5 20. f4 Nc6 21. Bg2 Rd8 22. Nf3 Bc5 23. f6 gxf6 24. Nh4 d4 25. Bxc6 bxc6 26. cxd4 Rxd4 27. Nf5 Rd5 28. g4 Rcd7 29. Rh2 h5 30. Re2 Rd3 31. Re8+ Kh7 32. Rc3 Rd1+ 33. Ke2 R7d2+ 34. Kf3 Rg1 35. Ne3 h4 36. Ke4 Rg3 37. Kf5 Rxh3 38. Nd5 Rxd5+ 39. Kxf6 Rxc3 40. g5 Re3 41. Rf8 Rd7 42. f5 Bd4# 0-1


[Site "https://www.chess.com"]

[Event "Titled Tuesday Blitz July 25 Early 2023"]
[White "Turayev, Shahruh"]
[Black "Andreassen, Lars"]
[WhiteFideId "14003856"]
[BlackFideId "1504878"]
[WhiteElo "2711"]
[BlackElo "2298"]
[Result "1-0"]
[Round "2"]
[TimeControl "180+2"]
[Date "2023.07.25"]
[WhiteClock "0:00:54"]
[BlackClock "0:00:01"]
[Board "102"]

1. e4 d6 2. Nc3 Nf6 3. d4 e5 4. Nf3 Nbd7 5. Bc4 Be7 6. O-O O-O 7. h3 c6 8. a4 Qc7 9. Be3 b6 10. Re1 a6 11. Qb1 Bb7 12. Qa2 b5 13. Bb3 b4 14. dxe5 bxc3 15. exf6 Bxf6 16. Bd4 cxb2 17. Qxb2 Bxd4 18. Qxd4 c5 19. Qc3 Rac8 20. Bd5 Bxd5 21. exd5 Rfe8 22. a5 f6 23. Nd4 Ne5 24. Ne6 Qb7 25. Red1 c4 26. Rab1 Qa7 27. Rb6 Ng6 28. Rxd6 Qb8 29. Rxa6 Rxe6 30. dxe6 Nf4 31. Qf3 g5 32. e7 Re8 33. Rd8 Rxd8 34. exd8=Q+ Qxd8 35. Ra8 1-0


[Site "https://www.chess.com"]

[Event "Titled Tuesday Blitz July 25 Early 2023"]
[White "Gubajdullin, Alexei"]
[Black "laimis61"]
[WhiteFideId "4141202"]
[WhiteElo "2705"]
[BlackElo "2295"]
[Result "1-0"]
[Round "2"]
[TimeControl "180+2"]
[Date "2023.07.25"]
[WhiteClock "0:01:09"]
[BlackClock "0:00:36"]
[Board "104"]

1. d4 d6 2. Nf3 Nf6 3. Bf4 g6 4. e3 Bg7 5. Be2 O-O 6. O-O Nbd7 7. h3 b6 8. a4 a6 9. a5 b5 10. c4 bxc4 11. Bxc4 Bb7 12. Nc3 e6 13. b4 Qe7 14. b5 axb5 15. Nxb5 Rfc8 16. Qe2 e5 17. dxe5 dxe5 18. Bh2 Ne4 19. Rfc1 Ndc5 20. Nc3 Nxc3 21. Rxc3 Ne4 22. Rcc1 Ng5 23. Nxg5 Qxg5 24. e4 Rd8 25. a6 Bc8 26. Bd5 Ra7 27. h4 Qxh4 28. Qe3 Rxa6 29. Rxa6 Bxa6 30. Rxc7 Kh8 31. Qa7 Qh5 32. Qxa6 Rb8 33. Rc8+ Rxc8 34. Qxc8+ Bf8 35. Qxf8# 1-0


[Site "https://www.chess.com"]

[Event "Titled Tuesday Blitz July 25 Early 2023"]
[White "Balint, Vilmos"]
[Black "Leon Oquendo, Jorge"]
[WhiteFideId "718050"]
[BlackFideId "3514803"]
[WhiteElo "2270"]
[BlackElo "2705"]
[Result "0-1"]
[Round "2"]
[TimeControl "180+2"]
[Date "2023.07.25"]
[WhiteClock "0:01:04"]
[BlackClock "0:00:11"]
[Board "105"]

1. e4 c5 2. Nf3 d6 3. Bb5+ Bd7 4. Bxd7+ Qxd7 5. d4 cxd4 6. Nxd4 Nf6 7. f3 g6 8. c4 Bg7 9. b3 O-O 10. Bb2 Nc6 11. O-O a6 12. Na3 Rfc8 13. Rc1 Nxd4 14. Bxd4 b5 15. cxb5 axb5 16. Rxc8+ Rxc8 17. Qd3 Ra8 18. Nxb5 Rxa2 19. Rc1 Ra8 20. Nc3 Qb7 21. Bxf6 Bxf6 22. Nd5 Ra6 23. Nxf6+ exf6 24. Rb1 Qb6+ 25. Kh1 Ra2 26. b4 Qf2 27. Rg1 Re2 28. h3 Re1 29. Rxe1 Qxe1+ 30. Kh2 Qxb4 31. Qd5 Kg7 32. h4 Qc5 33. Qb7 f5 34. h5 fxe4 35. hxg6 hxg6 36. fxe4 Qe5+ 37. Kh1 Qf4 38. Qd5 Kf6 39. Qd4+ Kg5 40. Qd5+ Kh4 41. Qd3 Qc1+ 42. Kh2 Qf4+ 43. Kh1 Kg5 44. Qd5+ Kf6 45. Qd4+ Ke7 46. Qa7+ Ke6 47. Qb7 g5 48. Qd5+ Kf6 49. Qd4+ Kg6 50. Qd3 Kg7 51. Qd4+ Kg8 52. Qd3 g4 53. g3 Qf2 54. Qxd6 Qf3+ 55. Kh2 Qxe4 56. Qd8+ Kg7 57. Qg5+ Kh7 58. Qh4+ Kg6 59. Qd8 Qe2+ 60. Kh1 f6 61. Qg8+ Kf5 62. Qd5+ Qe5 63. Qd7+ Kg5 64. Qg7+ Kf5 65. Qd7+ Qe6 66. Qh7+ Ke5 67. Qc7+ Ke4 68. Qh7+ f5 69. Qb7+ Qd5 70. Qe7+ Kf3 71. Qe1 Qe4 72. Qc3+ Kf2+ 73. Kh2 Qg2# 0-1


[Site "https://www.chess.com"]

[Event "Titled Tuesday Blitz July 25 Early 2023"]
[White "Marek, Matyas"]
[Black "Doluhanova, Evgeniya"]
[WhiteFideId "335398"]
[BlackFideId "14112035"]
[WhiteElo "2704"]
[BlackElo "2268"]
[Result "1-0"]
[Round "2"]
[TimeControl "180+2"]
[Date "2023.07.25"]
[WhiteClock "0:00:48"]
[BlackClock "0:00:17"]
[Board "106"]

1. Nf3 Nf6 2. g3 e6 3. Bg2 d5 4. O-O b6 5. d3 Bb7 6. Nbd2 Nbd7 7. e4 Be7 8. e5 Ng4 9. Re1 h5 10. h3 Nh6 11. Nf1 c5 12. c3 Qc7 13. Bf4 O-O-O 14. Qe2 Rdg8 15. h4 Nf5 16. Ne3 Nxe3 17. Qxe3 Nf8 18. d4 Ng6 19. Bg5 Bxg5 20. Qxg5 Qe7 21. dxc5 bxc5 22. Qe3 Kb8 23. b4 cxb4 24. cxb4 Rc8 25. Nd4 Qd7 26. b5 Ne7 27. a4 Rc7 28. a5 Rhc8 29. Rec1 Rxc1+ 30. Rxc1 Rxc1+ 31. Qxc1 Qc7 32. Qa3 a6 33. b6 Qd7 34. Bf1 g6 35. Qd6+ Kc8 36. Qc5+ Kb8 37. Bd3 Nc8 38. Bc2 Qd8 39. Ba4 Qh8 40. Qc7+ Ka8 41. Bc6 1-0


[Site "https://www.chess.com"]

[Event "Titled Tuesday Blitz July 25 Early 2023"]
[White "Djokic, Mihailo"]
[Black "Xavier_mompel"]
[WhiteFideId "976440"]
[WhiteElo "2702"]
[BlackElo "2265"]
[Result "1-0"]
[Round "2"]
[TimeControl "180+2"]
[Date "2023.07.25"]
[WhiteClock "0:02:07"]
[BlackClock "0:00:16"]
[Board "107"]

1. e4 c5 2. Nf3 e6 3. d4 cxd4 4. Nxd4 Nc6 5. Nc3 Qc7 6. Be2 a6 7. O-O Nf6 8. Be3 Be7 9. f4 d6 10. Kh1 O-O 11. Qe1 Nxd4 12. Bxd4 e5 13. fxe5 dxe5 14. Qg3 Nd7 15. Nd5 Qd6 16. Bc3 a5 17. Rad1 Qc5 18. b4 Qd6 19. bxa5 Qa3 20. Nxe7+ Qxe7 21. Bb5 f6 22. a4 Nc5 23. Bb4 Qc7 24. Qc3 Ne6 25. Qxc7 Nxc7 26. Bxf8 Kxf8 27. Rd8+ Ke7 28. Rfd1 Ne6 29. Rh8 h6 30. g3 Kf7 31. Bd7 Bxd7 32. Rxd7+ Kg6 33. Rxa8 1-0


[Site "https://www.chess.com"]